 Dungeon Crawl Stone Soup version 0.28-a0-1159-g27aa881441 (webtiles) character file.

Game seed: 10804964489245475681

95361 ChaosChampion the Eclecticist (level 15, -13/72 HPs)
             Began as a Deep Elf Conjurer on Dec 15, 2021.
             Was a High Priest of Vehumet.
             Mangled by a shock serpent (14 damage)
             ... on level 1 of the Snake Pit.
             The game lasted 01:24:20 (31876 turns).

ChaosChampion the Eclecticist (Deep Elf Conjurer)  Turns: 31876, Time: 01:24:21

Health: -13/72     AC: 11    Str:  6    XL:     15   Next: 66%
Magic:  15/41      EV: 22    Int: 39    God:    Vehumet [*****.]
Gold:   2352       SH:  0    Dex: 19    Spells: 8/55 levels left

rFire   + . .      SeeInvis .   q - staff of conjuration
rCold   + + .      Faith    .   (no shield)
rNeg    . . .      Spirit   .   A - +2 robe {Archmagi}
rPois   .          Reflect  .   p - +2 hat
rElec   .          Harm     .   L - +0 cloak {rC+}
rCorr   +          Rampage  .   E - +2 pair of gloves
Will    +....      Archmagi +   y - +0 pair of boots
Stlth   ++........              a - amulet of regeneration
HPRegen 1.02/turn               B - ring of resist corrosion
MPRegen 0.27/turn               G - ring "Dutaitwi" {rF+ Str+2 Int+6 Dex+6}

@: lethally poisoned (-13 -> -14), poison vulnerable
A: antennae 1, clever 1, cold resistance 1, poison resistance, screaming 1
a: Renounce Religion


You were on level 1 of the Snake Pit.
You worshipped Vehumet.
Vehumet was extremely pleased with you.
You visited 5 branches of the dungeon, and saw 23 of its levels.
You also visited: Ice Cave.

You collected 2528 gold pieces.
You spent 176 gold pieces at shops.

Inventory:

Hand Weapons
 N - a +0 demon whip of freezing
 V - the +8 morningstar of Gerhuyps {vorpal, rC+ Will+ Int+3}
   (You found it on level 6 of the Lair of Beasts)

   It inflicts extra damage upon your enemies.
   Int:       It affects your intelligence (+3).
   rC:        It protects you from cold.
   Will:      It increases your willpower.
Armour
 p - a +2 hat (worn)
 s - a +0 kite shield of cold resistance
 y - a +0 pair of boots (worn)
 A - a +2 robe of the Archmagi (worn)
 C - a +2 robe of resistance
 E - a +2 pair of gloves (worn)
 F - +0 acid dragon scales
 L - a +0 cloak of cold resistance (worn)
 M - a +1 crystal plate armour of cold resistance
 O - a scarf of shadows
Magical Staves
 q - a staff of conjuration (weapon)
 H - a staff of fire
Jewellery
 a - an amulet of regeneration (around neck)
 n - an amulet of faith
 t - a ring of wizardry
 B - a ring of resist corrosion (left hand)
 G - the ring "Dutaitwi" (right hand) {rF+ Str+2 Int+6 Dex+6}
   (You found it on level 11 of the Dungeon)

   [ring of intelligence]

   Str:       It affects your strength (+2).
   Int:       It affects your intelligence (+6).
   Dex:       It affects your dexterity (+6).
   rF:        It protects you from fire.
 J - a ring of protection from cold
Wands
 b - a wand of flame (39)
 j - a wand of polymorph (4)
 l - a wand of paralysis (13)
 K - a wand of digging (6)
 S - a wand of mindburst (8)
 T - a wand of charming (6)
 U - a wand of iceblast (3)
Scrolls
 c - a scroll of enchant armour
 d - 4 scrolls of teleportation
 r - 8 scrolls of enchant weapon
 u - 3 scrolls of fog
 v - 3 scrolls of vulnerability
 x - 3 scrolls of brand weapon
 R - a scroll of blinking
 W - a scroll of identify
Potions
 f - 2 potions of mutation
 g - 2 potions of berserk rage
 h - 3 potions of haste
 i - 2 potions of invisibility
 k - a potion of might
 m - 5 potions of curing
 o - 2 potions of brilliance
 w - 3 potions of cancellation
 z - 2 potions of lignification
 D - 2 potions of flight
 I - 2 potions of magic
 P - a potion of attraction
 Q - 2 potions of resistance


   Skills:
 - Level 14.5 Dodging
 - Level 2.4 Stealth
 + Level 20.8 Spellcasting
 + Level 18.0 Conjurations
 * Level 8.2 Summonings
 - Level 8.0 Translocations
 - Level 6.0 Air Magic


You had 8 spell levels left.
You knew the following spells:

 Your Spells              Type           Power      Damage    Failure   Level
a - Magic Dart            Conj           100%       1d8       0%          1
b - Orb of Destruction    Conj           79%        9d19      1%          7
c - Lightning Bolt        Conj/Air       70%        1d95      1%          5
d - Iskenderun's Mystic   Conj/Tloc      100%       2d19      1%          4
e - Spellforged Servitor  Conj/Summ      72%        N/A       1%          7
f - Summon Lightning Spi  Summ/Air       97%        N/A       1%          4
g - Dispersal             Tloc           50%        N/A       3%          6
h - Searing Ray           Conj           100%       2d8       0%          2
s - Airstrike             Air            46%        N/A       1%          4
x - Summon Hydra          Summ           51%        N/A       19%         7

Your spell library contained the following spells:

 Spells                   Type           Power      Damage    Failure   Level
 Iron Shot                Conj/Erth      64%        9d12      1%          6
 Foxfire                  Conj/Fire      100%       2x1d9     0%          1
 Static Discharge         Conj/Air       100%       N/A       0%          2
 Iskenderun's Battlesphe  Conj           100%       2d15      0%          5
 Animate Skeleton         Necr           100%       N/A       1%          1
 Apportation              Tloc           100%       N/A       1%          1
 Summon Small Mammal      Summ           100%       N/A       1%          1
 Call Imp                 Summ           100%       N/A       1%          2
 Conjure Flame            Conj/Fire      100%       6-21      1%          3
 Dazzling Flash           Conj/Hex       100%       N/A       1%          3
 Gell's Gravitas          Tloc           100%       N/A       1%          3
 Inner Flame              Hex/Fire       57%        N/A       1%          3
 Teleport Other           Tloc           100%       N/A       1%          3
 Flame Wave               Conj/Fire      100%       2d14      1%          4
 Fulminant Prism          Conj/Hex       64%        3d27      1%          4
 Fireball                 Conj/Fire      64%        3d24      1%          5
 Conjure Ball Lightning   Conj/Air       70%        3x3d26    1%          6
 Summon Mana Viper        Hex/Summ       83%        N/A       3%          5
 Malign Gateway           Summ/Tloc      51%        N/A       19%         7
 Maxwell's Capacitive Co  Air            46%        ∞         63%         8
 Summon Horrible Things   Summ           51%        N/A       80%         8
 Dragon's Call            Summ           51%        N/A       100%        9


Dungeon Overview and Level Annotations

Branches:
Dungeon (13/15)            Temple (1/1) D:7            Lair (6/6) D:11
 Shoals (0/4) Lair:2        Snake (1/4) Lair:3        Slime (0/5) Lair:6
    Orc (2/2) D:9             Elf (0/3) Orc:2         IceCv (visited)
 Vaults: D:13-14

Altars:
Ashenzari
Cheibriados
Dithmenos
Elyvilon
Fedhas
Gozag
Hepliaklqana
Kikubaaqudgha
Makhleb
Nemelex Xobeh
Okawaru
Qazlal
Ru
Sif Muna
Trog
Uskayaw
Vehumet
Wu Jian
Xom
Yredelemnul
Zin
The Shining One
Beogh

Shops:
D:5 *   D:11 !   Orc:2 [**(

Portals:
Trove: D:11 (give 4 potions of resistance)

Annotations:
D:10 3 exclusions


Innate Abilities, Weirdness & Mutations

You have a pair of small antennae on your head.
Your mind is acute. (Int +2)
Your flesh is cold resistant. (rC+)
Your system is resistant to poisons. (rPois)
You occasionally shout uncontrollably at your foes.


Message History

The shock serpent bites you but does no damage.
The shock serpent bites you but does no damage.
The naga ritualist calls down the wrath of its god upon you.
You feel yourself grow more vulnerable to poison.
Your spellforged servitor launches a ball of destructive magic.
The shock serpent bites you! The shock serpent shocks you!
The naga ritualist spits poison at you. The splash of poison hits you.
You are poisoned.
You feel sick. The shock serpent barely misses you.
Your spellforged servitor conjures a glowing orb.
The orb fizzles. x2
You feel sick.
Something barely misses your spellforged servitor.
You feel sick.
The shock serpent shoots out a bolt of lightning at you!
The bolt of electricity hits you!
Casting: Orb of Destruction (dangerous; 1% risk of failure)
Confirm with . or Enter, or press ? or * to list all spells.
You don't have enough magic to cast this spell.
Magic courses through your body.
You feel sick.
Something bites your spellforged servitor.
The shock serpent bites you but does no damage.
Your spellforged servitor conjures an orb of pure magic.
Casting: Orb of Destruction (dangerous; 1% risk of failure)
Confirm with . or Enter, or press ? or * to list all spells.
Aiming: Orb of Destruction (dangerous; 1% risk of failure)
Press: ? - help, Shift-Dir - straight line, f - shock serpent
Aim: a shock serpent (ally target)
You feel a strong surge of power!
The wavering orb of destruction weakly hits the shock serpent!!!
The shock serpent is almost dead.
The shock serpent's electric aura discharges violently, shocking you!
* * * LOW HITPOINT WARNING * * *
You feel sick.
Something bites your spellforged servitor!
The shock serpent bites you!
* * * LOW HITPOINT WARNING * * *
The shock serpent shocks you!
You die...

####### #..## ##..#
##### #...## ##...##
#....######. ##.....##
##.......... #.......#
#..........
#.......####..)...###.
#........##...8##.#
#...@.).#....#####
#...S...N*9###
#........###
#........# #........#
##.......# #....>.##
#..##### ###


You could see a naga ritualist, a shock serpent (ally target) and a friendly
spellforged servitor (summoned).

Vanquished Creatures
  Saint Roka (Orc:2)
  Jorgrun (Orc:2)
  Kirke (D:12)
  A reaper (IceCv)
  An ettin (D:13)
  Harold (Lair:2)
  An anaconda (Snake:1)
  9 hydras
  4 catoblepae
  A centaur warrior (D:13)
  6 death yaks (Lair:6)
  A two-headed ogre (D:12)
  An orc high priest (Orc:2)
  Urug (Lair:1)
  4 naga sharpshooters (Snake:1)
  Sonja (Lair:5)
  A fire crab (Lair:6)
  Pikel (D:7)
  An orc knight (Orc:2)
  2 deep elf pyromancers
  An ugly thing (D:13)
  2 mana vipers (Snake:1)
  4 orc sorcerers (Orc:2)
  A lindwurm (Lair:4)
  2 cyclopes
  2 wolf spiders
  A manticore (Lair:6)
  13 elephants
  2 ice statues (IceCv)
  Joseph (D:7)
  6 black mambas
  A merfolk siren (Lair:2)
  3 gargoyles
  19 cane toads
  An unseen horror (D:11)
  A rime drake (Lair:6)
  3 komodo dragons
  A freezing wraith (IceCv)
  An entropy weaver simulacrum (IceCv)
  6 ice devils (IceCv)
  2 trolls
  2 polar bears
  A hornet (D:7)
  4 slime creatures
  4 blink frogs
  10 dream sheep
  A shadow (D:9)
  2 wyverns
  2 basilisks (Lair:6)
  A hog (D:11)
  3 wraiths
  46 yaks
  A human (D:6)
  A death yak simulacrum (IceCv)
  A warg (Orc:2)
  3 vampire mosquitoes
  A steam dragon (Lair:3)
  A harpy simulacrum (IceCv)
  7 nagas
  14 water moccasins
  An acid dragon (D:9)
  26 orc warriors
  The ghost of drclinical the Skirmisher, an amateur HOFi of Makhleb (D:6)
  A necrophage (D:4)
  2 black bears
  42 wolves
  2 ogres
  6 centaurs
  4 lemures (D:7)
  3 kobold brigands (D:8)
  A phantom (D:4)
  A wyvern zombie (D:8)
  11 bullfrogs
  2 two-headed ogre simulacra (IceCv)
  3 scorpions
  3 cane toad simulacra (IceCv)
  An elephant simulacrum (IceCv)
  5 killer bees (D:9)
  11 wights
  An electric eel (Lair:2)
  4 centaur zombies
  4 howler monkeys
  2 bullfrog zombies
  13 orc priests
  5 hounds
  A jelly (D:6)
  3 iron imps (D:6)
  7 iguanas
  23 orc wizards
  7 hell rats (Lair:4)
  A spriggan simulacrum (IceCv)
  2 troll simulacra (IceCv)
  2 wolf simulacra (IceCv)
  2 hound skeletons
  A howler monkey skeleton (D:4)
  An adder (D:5)
  4 gnolls (D:4)
  2 shadow imps
  5 white imps
  4 ufetubi
  A worm (D:3)
  A dart slug (D:1)
  57 orcs
  4 ball pythons (D:1)
  A bat zombie (D:2)
  3 endoplasms
  3 giant cockroaches
  8 goblins
  4 hobgoblins
  3 quokkas
  A ball python skeleton (D:2)
  A ball python zombie (D:2)
  5 bats
  A frilled lizard (D:2)
  A goblin skeleton (D:6)
  A jackal zombie (D:6)
  15 kobolds
  2 kobold zombies (D:6)
  6 rats
556 creatures vanquished.

Vanquished Creatures (collateral kills)
  Rupert (Orc:2)
  An ettin (Orc:2)
  A hydra (Lair:5)
  2 anacondas (Snake:1)
  4 catoblepae
  An orc knight (Orc:1)
  A manticore (Lair:6)
  A mana viper (Snake:1)
  3 orc sorcerers (Orc:2)
  6 black mambas
  A salamander (Snake:1)
  3 elephants
  4 cane toads
  4 komodo dragons
  A troll (D:12)
  A dream sheep (Lair:6)
  4 blink frogs (Lair:6)
  2 basilisks
  15 yaks
  A vampire mosquito (D:12)
  2 nagas (Snake:1)
  2 water moccasins
  13 orc warriors
  An ogre (Orc:2)
  16 wolves
  7 orc priests (Orc:2)
  5 orc wizards (Orc:2)
  14 orcs
117 creatures vanquished.

Vanquished Creatures (others)
  A human (D:12)
  A vampire mosquito (D:11)
  A naga (Snake:1)
  A bullfrog (D:11)
  2 orcs (D:11)
  74 fungi
  100 plants
  A withered plant (D:2)
181 creatures vanquished.

Grand Total: 854 creatures vanquished

Notes
Turn   | Place    | Note
-------+----------+-------------------------------------------
     0 | D:1      | ChaosChampion the Deep Elf Conjurer began the quest for the
                  | Orb.
     0 | D:1      | Reached XP level 1. HP: 10/10 MP: 6/6
   370 | D:1      | Reached XP level 2. HP: 15/15 MP: 4/8
   556 | D:1      | Found a faded altar of an unknown god.
   676 | D:1      | Learned a level 2 spell: Searing Ray
   910 | D:2      | Reached skill level 4 in Spellcasting
  1045 | D:2      | Reached skill level 5 in Conjurations
  1045 | D:2      | Reached XP level 3. HP: 19/19 MP: 7/10
  2346 | D:4      | Reached XP level 4. HP: 24/24 MP: 3/12
  2377 | D:4      | Noticed a necrophage
  2412 | D:3      | Reached skill level 5 in Spellcasting
  2660 | D:4      | Noticed a phantom
  2666 | D:4      | Killed a phantom
  2667 | D:4      | Reached XP level 5. HP: 25/28 MP: 8/15
  2673 | D:4      | Learned a level 5 spell: Lightning Bolt
  2678 | D:4      | Learned a level 4 spell: Iskenderun's Mystic Blast
  3142 | D:4      | Reached skill level 6 in Spellcasting
  3142 | D:4      | Reached skill level 1 in Translocations
  3142 | D:4      | Reached skill level 1 in Air Magic
  3301 | D:4      | Reached XP level 6. HP: 32/32 MP: 15/17
  3518 | D:4      | You fall into a shaft and drop 2 floors!
  3531 | D:5      | Entered Level 5 of the Dungeon
  3708 | D:5      | Found a sacrificial altar of Ru.
  3773 | D:4      | Reached XP level 7. HP: 22/36 MP: 8/18
  4306 | D:5      | Reached skill level 7 in Spellcasting
  4653 | D:5      | Reached skill level 8 in Spellcasting
  4778 | D:5      | Reached XP level 8. HP: 33/41 MP: 12/22
  5232 | D:5      | Found Zin's Purification Station.
  5234 | D:5      | Found a glowing silver altar of Zin.
  5742 | D:6      | Reached skill level 9 in Spellcasting
  5947 | D:6      | Found a shimmering altar of Xom.
  6066 | D:6      | Found a snail-covered altar of Cheibriados.
  6093 | D:6      | Found a runed translucent door.
  6104 | D:6      | Found a basalt altar of Yredelemnul.
  6284 | D:6      | Found a shimmering blue altar of Sif Muna.
  6330 | D:6      | Found a transporter.
  6335 | D:6      | Noticed drclinical's ghost (amateur HOFi)
  6357 | D:6      | Found a transporter.
  6361 | D:6      | Reached skill level 10 in Spellcasting
  6410 | D:6      | Killed drclinical's ghost
  6806 | D:6      | Reached XP level 9. HP: 45/45 MP: 19/25
  6854 | D:6      | Found a burning altar of Makhleb.
  7050 | D:7      | Noticed Pikel
  7471 | D:7      | Reached skill level 11 in Spellcasting
  7643 | D:7      | Paralysed by a hornet for 2 turns
  7647 | D:7      | Reached skill level 10 in Conjurations
  7987 | D:7      | Killed Pikel
  7988 | D:7      | Reached skill level 12 in Spellcasting
  7996 | D:7      | Noticed Joseph
  8295 | D:7      | Killed Joseph
  8422 | D:7      | Found a staircase to the Ecumenical Temple.
  8443 | Temple   | Entered the Ecumenical Temple
  8630 | Temple   | Became a worshipper of Vehumet
  9529 | D:8      | Reached skill level 13 in Spellcasting
  9529 | D:8      | Reached XP level 10. HP: 26/50 MP: 11/29
 10991 | D:9      | Noticed a wolf spider
 11004 | D:9      | Killed a wolf spider
 11220 | D:9      | Reached * piety under Vehumet
 11220 | D:9      | Offered knowledge of Freeze by Vehumet.
 11227 | D:9      | Reached skill level 14 in Spellcasting
 12287 | D:9      | Noticed a deep elf pyromancer
 12290 | D:9      | Killed a deep elf pyromancer
 12418 | D:9      | Reached skill level 15 in Spellcasting
 12908 | D:9      | Found a staircase to the Orcish Mines.
 13166 | D:9      | Gained mutation: Your muscles are strong. (Str +2) [potion
                  | of mutation]
 13166 | D:9      | Gained mutation: You have a pair of small antennae on your
                  | head. [potion of mutation]
 13167 | D:9      | Lost mutation: Your muscles are strong. (Str +2) [potion of
                  | mutation]
 13167 | D:9      | Gained mutation: Your flesh is cold resistant. (rC+)
                  | [potion of mutation]
 13167 | D:9      | Gained mutation: You occasionally shout uncontrollably at
                  | your foes. [potion of mutation]
 13167 | D:9      | Gained mutation: Your mind is acute. (Int +2) [potion of
                  | mutation]
 13167 | D:9      | Gained mutation: Your system is resistant to poisons.
                  | (rPois) [potion of mutation]
 13176 | D:10     | Entered Level 10 of the Dungeon
 13191 | D:10     | Reached ** piety under Vehumet
 13191 | D:10     | Offered knowledge of Foxfire by Vehumet.
 13192 | D:10     | Reached XP level 11. HP: 54/54 MP: 20/32
 13389 | D:10     | Noticed a white ugly thing
 13389 | D:10     | Noticed a boulder beetle
 13389 | D:10     | Noticed a death knight
 13389 | D:10     | Noticed a green ugly thing
 13389 | D:10     | Noticed a centaur warrior
 13412 | D:10     | Noticed a red ugly thing
 13412 | D:10     | Noticed an ogre mage
 13412 | D:10     | Noticed a deep elf pyromancer
 13412 | D:10     | Noticed a two-headed ogre
 14219 | D:10     | Found a bloodstained altar of Trog.
 14225 | D:10     | Found a shadowy altar of Dithmenos.
 14275 | D:11     | Identified a scroll of acquirement
 14275 | D:11     | Acquired a staff of conjuration
 14457 | D:11     | Found a portal to a secret trove of treasure.
 14463 | D:11     | Identified the ring "Dutaitwi" {rF+ Str+2 Int+6 Dex+6}
 14488 | D:11     | Reached skill level 16 in Spellcasting
 14502 | D:11     | Noticed a six-headed hydra
 14515 | D:12     | Noticed a six-headed hydra
 14664 | D:11     | Found a staircase to the Lair.
 14664 | D:11     | Found a frozen archway.
 14668 | D:11     | Found Emyguedd's Distillery.
 14691 | D:11     | Bought a potion of magic for 88 gold pieces
 14691 | D:11     | Bought a potion of magic for 88 gold pieces
 14698 | IceCv    | Entered an ice cave
 14715 | IceCv    | Offered knowledge of Scorch by Vehumet.
 14818 | IceCv    | Reached *** piety under Vehumet
 14902 | IceCv    | Noticed a reaper
 15770 | IceCv    | Offered knowledge of Inner Flame by Vehumet.
 15771 | IceCv    | Reached skill level 17 in Spellcasting
 15792 | IceCv    | Killed a reaper
 15793 | IceCv    | Reached skill level 15 in Conjurations
 16192 | D:11     | Killed a six-headed hydra
 16390 | D:11     | Learned a level 4 spell: Airstrike
 16395 | D:11     | Learned a level 4 spell: Summon Lightning Spire
 16548 | D:12     | Reached XP level 12. HP: 59/59 MP: 28/35
 16642 | D:12     | Noticed Kirke
 17247 | D:12     | Killed Kirke
 17248 | D:12     | Reached skill level 18 in Spellcasting
 17445 | D:12     | Killed a six-headed hydra
 17446 | D:12     | Reached skill level 1 in Summonings
 17780 | D:12     | Noticed a two-headed ogre
 17788 | D:12     | Killed a two-headed ogre
 18168 | D:12     | Noticed an eight-headed hydra
 18171 | D:12     | Killed an eight-headed hydra
 18230 | D:13     | Noticed a catoblepas
 18231 | D:13     | Noticed a six-headed hydra
 18234 | D:13     | Killed a catoblepas
 18236 | D:13     | Killed a six-headed hydra
 18237 | D:13     | Reached skill level 5 in Air Magic
 18338 | D:13     | Noticed a centaur warrior
 18451 | D:13     | Noticed a boulder beetle
 18461 | D:13     | Reached **** piety under Vehumet
 18468 | D:13     | Noticed a catoblepas
 18470 | D:13     | Killed a catoblepas
 18481 | D:13     | Noticed an ettin
 18482 | D:13     | Killed an ettin
 18505 | D:13     | Noticed a centaur warrior
 18770 | D:13     | Killed a centaur warrior
 18847 | Lair:1   | Entered Level 1 of the Lair of Beasts
 18999 | Lair:1   | Noticed a five-headed hydra
 19001 | Lair:1   | Killed a five-headed hydra
 19002 | Lair:1   | Reached skill level 5 in Dodging
 19110 | Lair:1   | Reached XP level 13. HP: 63/63 MP: 32/37
 19313 | Lair:1   | Noticed Urug
 19316 | Lair:1   | Killed Urug
 19989 | Lair:2   | Noticed Harold
 19999 | Lair:2   | Killed Harold
 20113 | Lair:2   | Offered knowledge of Sticky Flame by Vehumet.
 20425 | Lair:2   | Found a staircase to the Shoals.
 21259 | Lair:3   | Reached skill level 19 in Spellcasting
 21649 | Lair:3   | Learned a level 6 spell: Dispersal
 22234 | Lair:3   | Found a staircase to the Snake Pit.
 22446 | Lair:4   | Reached ***** piety under Vehumet
 22611 | Lair:4   | Offered knowledge of Yara's Violent Unravelling by Vehumet.
 22667 | Lair:4   | Reached skill level 5 in Translocations
 23776 | Lair:5   | Reached skill level 5 in Summonings
 23780 | Lair:5   | Reached skill level 10 in Dodging
 23786 | Lair:5   | Reached XP level 14. HP: 68/68 MP: 28/39
 24101 | Lair:5   | Offered knowledge of Freezing Cloud by Vehumet.
 24266 | Lair:5   | Noticed Sonja
 24271 | Lair:5   | Killed Sonja
 25100 | Lair:6   | Entered Level 6 of the Lair of Beasts
 25931 | Lair:6   | Offered knowledge of Irradiate by Vehumet.
 25955 | Lair:6   | Reached skill level 20 in Spellcasting
 26418 | Lair:6   | Found a staircase to the Slime Pits.
 26453 | Lair:6   | Identified the +8 morningstar of Gerhuyps {vorpal, rC+
                  | Will+ Int+3}
 26714 | Lair:6   | Reached XP level 15. HP: 72/72 MP: 26/41
 26714 | Lair:6   | Acquired Poekaics's Incunabulum of Calling
 26724 | Lair:6   | Learned a level 7 spell: Orb of Destruction
 26732 | Lair:6   | Learned a level 7 spell: Spellforged Servitor
 27482 | Lair:1   | Identified the +1 leather armour "Rieluwki" {rF++ Str+3
                  | SInv Stlth-}
 27723 | Orc:1    | Entered Level 1 of the Orcish Mines
 28433 | Orc:2    | Entered Level 2 of the Orcish Mines
 28433 | Orc:2    | Noticed Rupert
 28437 | Orc:2    | Killed Rupert
 28470 | Orc:2    | Noticed Jorgrun
 28614 | Orc:2    | Offered knowledge of Starburst by Vehumet.
 28764 | Orc:2    | Found a staircase to the Elven Halls.
 29135 | Orc:2    | Killed Jorgrun
 29154 | Orc:2    | Paralysed by an orc sorcerer for 3 turns
 29520 | Orc:2    | Noticed Saint Roka
 29524 | Orc:2    | Killed Saint Roka
 29704 | Orc:2    | Found Dataf's Assorted Antiques.
 29704 | Orc:2    | Found Apnirph's Weapon Shoppe.
 29704 | Orc:2    | Found Seveo's General Store.
 29713 | Orc:2    | Found Xacagiz's Armour Emporium.
 30683 | Snake:1  | Entered Level 1 of the Snake Pit
 31623 | Snake:1  | Offered knowledge of Iron Shot by Vehumet.
 31831 | Snake:1  | Learned a level 7 spell: Summon Hydra
 31876 | Snake:1  | HP: 1/72 [shock serpent (9)]
 31876 | Snake:1  | Mangled by a shock serpent

Illustrated notes

Levels and vault maps discovered:
D:1:      wander_arrival_lonely_grave, layout_rooms,
          shapermc_ecumenical_altar_totnotflames, st_stairs_5
D:2:      layout_rooms, serial_undead, serial_undead_d, serial_undead_f,
          serial_undead_c, serial_undead_c, serial_undead_c,
          corexii_leaking_fountain, minmay_bisected
D:3:      layout_loops_ring
D:4:      layout_loops_corners, dk_noncrumbling_2
D:5:      layout_rooms, zin_purify, nicolae_ru_sacrificial_ziggurat,
          minmay_pentangle
D:6:      layout_rooms, demons_altar, dk_yredelemnul_ordeal,
          nicolae_overflow_hidden_temple, gammafunk_ghost_arena
D:7:      layout_cave_pools, minmay_temple_entry_arrows, uniq_joseph, uniq_pikel
D:8:      layout_basic
D:9:      nzn_winding_woodlands_three_and_one
          [nzn_winding_woodlands_5x15_lazy_stream,
          nzn_winding_woodlands_5x15_pool, nzn_winding_woodlands_5x15_eye,
          nzn_winding_woodlands_center_diamonds], layout_cave_pools,
          david_orc_5, kennysheep_doodads, grunt_ministairs_9,
          guppyfry_early_elven_hall
D:10:     layout_basic, minitemple, minivault_12
D:11:     layout_cross, grunt_lair_entry_orc_guard_hut,
          portal_ice_cave_entry_pillars_1, nicolae_trove_entry_free_sample,
          serial_shops, shop_coins
D:12:     layout_rooms, uniq_kirke
D:13:     minmay_the_grid_four_pointed_star_mashed
          [minmay_the_grid_triangle_9x9_subtriangle,
          minmay_the_grid_triangle_9x9_checkered,
          minmay_the_grid_triangle_9x9_negative_grid,
          minmay_the_grid_triangle_9x9_zippers_horizontal,
          minmay_the_grid_prize_diamond_cup], layout_loops_ring, erik_vaults_1
Temple:   nicolae_temple_figure_eight
Lair:1:   layout_loops_ring, uniq_urug
Lair:2:   layout_long_grid, minmay_shoals_entry_lonely_mermaid,
          serial_bayou_shore_a, infiniplex_staircase_pool, uniq_harold
Lair:3:   layout_loops_ring, guppyfry_snake_entry_garden
Lair:4:   layout_regular_city, chequers_serial_rivers_large_a
Lair:5:   layout_long_grid, grunt_forest_large_clearings, uniq_sonja
Lair:6:   evilmike_catoblepas_cave, layout_cave_pods, dpeg_slime_entry_corner,
          grunt_megastairs_3
Snake:1:  layout_cave_pods, grunt_ministairs_15
Orc:1:    layout_caves
Orc:2:    st_orc_mages, layout_caves, nicolae_volcano_entry_s_turn,
          uniq_jorgrun, uniq_saint_roka, uniq_rupert

Skill      XL: |  1  2  3  4  5  6  7  8  9 10 11 12 13 14 15 |
---------------+----------------------------------------------+-----
Spellcasting   | 4 5 6 8 10 13 15 17 18 19 20 | 20.8
Conjurations   | 5 6 7 9 11 13 15 16 17 18 | 18.0
Translocations | 1 2 3 4 6 8 |  8.0
Air Magic      | 1 2 3 6 |  6.0
Summonings     | 4 5 8 |  8.2
Dodging        | 5 10 12 14 | 14.5
Stealth        | |  2.4

Action                   |  1- 3 |  4- 6 |  7- 9 | 10-12 | 13-15 || total
-------------------------+-------+-------+-------+-------+-------++-------
Melee: Staff             |       |       |       |     2 |    65 ||    67
 Cast: Magic Dart        |    90 |     9 |    68 |   180 |    97 ||   444
       Searing Ray       |     5 |    22 |    47 |    75 |    90 ||   239
       Iskenderun's Myst |       |     3 |    41 |    89 |   105 ||   238
       Lightning Bolt    |       |       |    23 |    93 |    93 ||   209
       Summon Lightning  |       |       |       |     7 |    41 ||    48
       Orb of Destructio |       |       |       |       |    60 ||    60
       Spellforged Servi |       |       |       |       |    19 ||    19
       Summon Hydra      |       |       |       |       |     1 ||     1
  Use: Scroll            |     2 |       |    10 |    11 |    10 ||    33
       Potion            |       |       |       |     5 |     4 ||     9
Armor: Robe              |    10 |       |    11 |    29 |    58 ||   108
Dodge: Dodged            |    20 |    10 |    20 |    57 |   254 ||   361

Table legend: (Time is in decaauts)
 A = Elapsed time spent in this place.
 B = Non-inter-level travel time spent in this place.
 C = Inter-level travel time spent in this place.
 D = Time resting spent in this place.
 E = Time spent auto-exploring this place.
 F = Levels seen in this place.
 G = Mean time per level.
                   A        B        C        D        E       F      G
               +--------+--------+--------+--------+--------+-----+--------+
         Total |  31977 |  31059 |    918 |   7845 |  16839 |  24 | 1332.4 |
       Dungeon |  17359 |  16879 |    480 |   4496 |   9241 |  13 | 1335.3 |
        Temple |    239 |    239 |      0 |      0 |    213 |   1 |  239.0 |
          Lair |   8992 |   8589 |    403 |   1514 |   5463 |   6 | 1498.7 |
     Snake Pit |   1130 |   1130 |      0 |    232 |    625 |   1 | 1130.0 |
  Orcish Mines |   2846 |   2812 |     34 |    837 |   1111 |   2 | 1423.0 |
      Ice Cave |   1408 |   1408 |      0 |    766 |    186 |   1 | 1408.0 |
               +--------+--------+--------+--------+--------+-----+--------+

Top non-repeatable levels by time:
     D:6: 2565 daAuts
     D:8: 2054 daAuts
  Lair:5: 1858 daAuts
  Lair:6: 1844 daAuts
     D:4: 1827 daAuts
     D:9: 1774 daAuts
  Lair:3: 1668 daAuts
   Orc:1: 1530 daAuts
    D:11: 1490 daAuts
  Lair:4: 1416 daAuts
   IceCv: 1408 daAuts
    D:12: 1402 daAuts
  Lair:2: 1358 daAuts
   Orc:2: 1316 daAuts
     D:5: 1267 daAuts
